 Dungeon Crawl Stone Soup version 0.31-a0-441-g867994ef1c (webtiles) character file.

Game seed: 8945489773200027560

120 randomguy2701 the Vexing (level 4, -6/38 HPs)
             Began as a Draconian Hexslinger on Aug 2, 2023.
             Killed by nerve-wracking pain
             ... invoked by an orc priest
              (14 damage)
             ... on level 3 of the Dungeon.
             The game lasted 00:05:30 (2466 turns).

randomguy2701 the Vexing (Draconian Hexslinger)     Turns: 2466, Time: 00:05:31

Health: -6/38      AC:  5    Str: 10    XL:     4   Next: 75%
Magic:  2/5        EV: 12    Int: 15    God:
Gold:   97         SH:  0    Dex: 14    Spells: 4/5 levels left

rFire   . . .        a - +1 sling
rCold   . . .        (no shield)
rNeg    . . .        (body armour unavailable)
rPois   .            (helmet restricted)
rElec   .            (no cloak)
rCorr   .            (no gloves)
SInv    .            (no boots)
Will    .....        (no amulet)
Stlth   +            (no ring)
HPRegen 0.26/turn    (no ring)
MPRegen 0.09/turn

%: no passive effects
@: no status effects
A: AC +5, unfitting armour, cold-blooded
a: no special abilities


You were on level 3 of the Dungeon.
You visited 1 branch of the dungeon, and saw 3 of its levels.

You collected 97 gold pieces.

Inventory:

Hand Weapons
 a - a +1 sling (weapon)
Jewellery
 g - a ring of protection from cold
Wands
 m - a wand of paralysis (5)
Scrolls
 b - a scroll of poison
 c - a scroll of teleportation {unknown}
 e - 4 scrolls of immolation {unknown}
 k - a scroll of identify {unknown}
 l - a scroll of revelation {unknown}
Potions
 d - a potion of attraction {unknown}
 f - 2 potions of mutation {unknown}
 h - a potion of resistance {unknown}
 i - a potion of brilliance {unknown}
 j - a potion of enlightenment {unknown}


   Skills:
 + Level 3.4 Fighting
 + Level 2.5 Ranged Weapons
 + Level 1.9 Dodging
 + Level 0.2 Stealth
 + Level 1.1 Spellcasting
 + Level 3.5 Hexes


You had 4 spell levels left.
You knew the following spells:

 Your Spells              Type           Power      Damage    Failure   Level
a - Slow                  Hex            44%        N/A       6%          1

Your spell library contained the following spells:

 Spells                   Type           Power      Damage    Failure   Level
 Sandblast                Erth           0%         2d4       24%         1
 Inner Flame              Hex/Fire       6%         N/A       34%         3
 Portal Projectile        Hex/Tloc       12%        N/A       34%         3
 Passwall                 Tmut/Erth      0%         N/A       36%         2
 Cause Fear               Hex            5%         N/A       50%         4
 Stone Arrow              Conj/Erth      0%         3d7       58%         3


Dungeon Overview and Level Annotations

Branches:
Dungeon (3/15)

Altars:

Annotations:
D:3 1 runed translucent door, Crazy Yiuf


Innate Abilities, Weirdness & Mutations

Your plain brown scales are hard. (AC +5)
You cannot fit into any form of body armour.
You are cold-blooded and may be slowed by cold attacks.


Message History

You are too injured to fight recklessly!
You are too injured to fight recklessly!
Okay, then.
Sorry, you're not good enough to have a special ability.
Sorry, you're not good enough to have a special ability.
Unknown command.
Sorry, you're not good enough to have a special ability.
Casting: Slow (safe; 6% risk of failure)
Confirm with . or Enter, or press ? or * to list all spells.
Aiming: Slow (safe; 6% risk of failure)
Press: ? - help, Shift-Dir - straight line, f - orc priest
Aim: an orc priest, wielding a +0 falchion and wearing a +0 leather armour (chance to affect: 45%)
Okay, then.
You can't go down here!
Fire: a) +1 sling
Press: ? - help, Q - select action, (/) - cycle Shift-Dir - straight line You can't see that place.
You can't see that place.
Okay, then.
Fire: a) +1 sling
Press: ? - help, Q - select action, (/) - cycle Shift-Dir - straight line, f - orc priest
Aim: an orc priest, wielding a +0 falchion and wearing a +0 leather armour (59% to hit)
You shoot a sling bullet.
The sling bullet barely misses the orc priest.
Fire: a) +1 sling
Press: ? - help, Q - select action, (/) - cycle Shift-Dir - straight line, f/p - orc priest
Aim: an orc priest, wielding a +0 falchion and wearing a +0 leather armour (59% to hit)
You shoot a sling bullet.
The sling bullet closely misses the orc priest.
The orc priest closely misses you.
Fire: a) +1 sling
Press: ? - help, Q - select action, (/) - cycle Shift-Dir - straight line, f/p - orc priest
Aim: an orc priest, wielding a +0 falchion and wearing a +0 leather armour (59% to hit)
You shoot a sling bullet. The sling bullet hits the orc priest.
The orc priest is lightly wounded.
The orc priest hits you with a +0 falchion.
* * * LOW HITPOINT WARNING * * *
The orc priest mumbles some strange prayers to Beogh against you.
Pain shoots through your body!
You die...

.# #.# .#########.# .#
...........##### #.
####.#####.....###....
#................#
####.######.###.##
#######.# #.###.#
........# #.#.).#####
######..# #..@o).>...
#..# ###.####### #..#
#.# #..# #.# #..# #)#
#..# #.# #>.# #.# ...


You could see an orc priest.

Vanquished Creatures
  Ijyb (D:3)
  6 adders
  2 dart slugs
  3 orcs (D:3)
  An endoplasm (D:1)
  2 giant cockroaches
  2 goblins
  3 jackals (D:1)
  A quokka (D:2)
  3 ball pythons
  3 bats
  2 frilled lizards (D:1)
  6 kobolds
  A rat (D:3)
36 creatures vanquished.

Notes
Turn   | Place    | Note
-------+----------+-------------------------------------------
     0 | D:1      | randomguy2701 the Draconian Hexslinger began the quest for
                  | the Orb.
     0 | D:1      | Reached XP level 1. HP: 16/16 MP: 2/2
   215 | D:1      | Reached XP level 2. HP: 19/23 MP: 0/3
   923 | D:1      | HP: 1/24 [poisoned by an adder]
  1114 | D:2      | Reached XP level 3. HP: 30/30 MP: 2/4
  1844 | D:3      | Reached XP level 4. HP: 28/37 MP: 5/5
  1932 | D:3      | Noticed Ijyb
  1938 | D:3      | Paralysed by Ijyb for 3 turns
  1943 | D:3      | Paralysed by Ijyb for 5 turns
  1967 | D:3      | Killed Ijyb
  2034 | D:3      | Noticed a water moccasin
  2274 | D:3      | Found a runed translucent door.
  2275 | D:3      | Noticed Crazy Yiuf
  2466 | D:3      | Killed from afar by an orc priest

Illustrated notes

Levels and vault maps discovered:
D:1:      saegor_arrival_simple_d, layout_basic, amcnicky_mini_corridor_feature
D:2:      layout_loops_ring, roderic_lattice_a, palyth_stone_intersect
D:3:      layout_loops_ring, lemuel_zombie_altar_yredelemnul, serial_shops,
          shop, grunt_decor_junction, chequers_serial_rivers_small_a,
          uniq_crazy_yiuf_cottage, uniq_ijyb

Skill      XL: |  1  2  3  4 |
---------------+-------------+-----
Hexes          | 3 |  3.5
Ranged Weapons | 2 |  2.5
Fighting       | 2 3 |  3.4
Dodging        | |  1.9
Stealth        | |  0.2
Spellcasting   | |  1.1

Action                     |  1- 3 |  4- 6 || total
---------------------------+-------+-------++-------
   Fire: Sling             |   133 |    55 ||   188
   Cast: Slow              |    38 |    28 ||    66
  Evoke: Wand              |       |     2 ||     2
 Armour: Skin              |    38 |     9 ||    47
  Dodge: Dodged            |    66 |    18 ||    84

Table legend: (Time is in decaauts)
 A = Elapsed time spent in this place.
 B = Non-inter-level travel time spent in this place.
 C = Inter-level travel time spent in this place.
 D = Time resting spent in this place.
 E = Time spent auto-exploring this place.
 F = Levels seen in this place.
 G = Mean time per level.
                   A        B        C        D        E       F      G
               +--------+--------+--------+--------+--------+-----+--------+
         Total |   2523 |   2458 |     65 |      0 |   1959 |   3 |  841.0 |
       Dungeon |   2523 |   2458 |     65 |      0 |   1959 |   3 |  841.0 |
               +--------+--------+--------+--------+--------+-----+--------+

Top non-repeatable levels by time:
     D:2: 966 daAuts
     D:1: 890 daAuts
     D:3: 667 daAuts
